Unix NetHack Version 3.7.0-101 Work-in-progress - last build Apr 1 2024 13:39:02 (cf3915abb6dcc6e3362b2b16a766b7b4f6c45fc9,branch:master). Game began 2024-04-01 09:26:23, ended 2024-04-29 12:46:52. elenmirie, neutral female gnomish Archeologist ---------------------------------------------------------------- |}}}}}}}}}.............................................}}}}}}}}}| |}-------}}}}}}}}}}}}}}}}}}}}}}}}}}}}}}}}}}}}}}}}}}}}}}}-------}| --- |}|.....|-----------------------------------------------|..?".|}| ..| |}|.....-........................).[...)............)...).....|}| -.| |}-----------------------------|-------------------------------}| |.| -}}}}}}| |......................|........|}}}}}}| |.| ......}| |.....(.....| ....|........|}.%...| |%| -.....}| |...........|----------|........|}.....| |.| |......+ +(\.........-..........-....{..........| |.| |.....}| |...........|----------|........|}.....-----)| |.....}| |...........|..........|........|}.....).|.%.| |}}}}}}| |....@'...).)..........|........|}}}}}}|.|.|.| |}-----------------------------@-------------------------------}|.%0|.| |}|.....-......................[@%..).....).[....Yr.....-.....|}|---|%| |}|.....|-----------------------------------------------|.....|}|...|.| |}-------}}}}}}}}}}}}}}}}}}}}}}}}}}}}}}}}}}}}}}}}}}}}}}}-------}|.|.|.| |}}}}}}}}}........%....................................}}}}}}}}}|.|..0| --------------------------------------------------------------------- Elenmirie the Exhumer St:25 Dx:18 Co:18 In:18 Wi:18 Ch:13 Neutral Dlvl:28 $:0 HP:0(123) Pw:75(75) AC:-9 Xp:13/56896 T:23682 Burdened Latest messages: You hit the soldier! The soldier thrusts his short sword. The soldier misses! You kill the soldier! The soldier throws a spear! A spear misses you. The captain picks up a short sword. The soldier wields a knife! You hit the captain! The captain swings his silver saber. The captain hits! The captain swings his silver saber. The captain misses! The sergeant zaps a wand of striking! The wand misses the captain. A potion of water shatters! A potion of paralysis shatters! You smell a peculiar odor... Something seems to be holding you. Boing! The captain swings his silver saber. The captain hits! The captain swings his silver saber. The captain hits again! The soldier throws a knife! The knife misses the sergeant. The knife misses the captain. A knife misses you. The sergeant wields a spear! The captain swings his silver saber. The captain hits! The captain swings his silver saber. The captain hits again! The sergeant throws a spear! The spear misses the captain. A spear misses you. You can move again. What do you want to use or apply? [aegijmnuwx or ?*] w You have a little trouble removing H - 5 uncursed potions of healing. Your movements are slowed slightly because of your load. The captain swings his silver saber. The captain hits! The captain swings his silver saber. The captain hits again! You die... Do you want your possessions identified? [ynq] (y) y Do you want to see your attributes? [ynq] (y) y Do you want an account of creatures vanquished? [ynaq] (y) y Do you want to see your conduct and achievements? [ynq] (y) y Do you want to see the dungeon overview? [ynq] (y) y Inventory: Amulets b - an uncursed amulet of reflection (being worn) Weapons G - 5 uncursed +0 darts (at the ready) a - a blessed rustproof +4 dwarvish mattock (weapon in hands) Armor l - an uncursed very rusty +3 orcish helm (being worn) s - a blessed +1 pair of gauntlets of power (being worn) p - an uncursed +0 pair of water walking boots (being worn) q - a blessed fireproof +0 cloak of displacement (being worn) h - a blessed +3 gray dragon scale mail (being worn) Comestibles L - an uncursed lizard corpse Potions H - 5 uncursed potions of healing Wands j - an uncursed wand of striking (0:4) Tools w - a blessed bag of holding containing 112 items n - a cursed fire horn (0:2) m - an uncursed can of grease (0:6) i - an uncursed oil lamp e - an uncursed skeleton key x - an uncursed towel u - an uncursed +0 unicorn horn Gems/Stones S - an uncursed luckstone g - an uncursed touchstone Contents of the bag of holding: 5828 gold pieces an uncursed amulet of flying a cursed +2 bullwhip the uncursed +0 Giantslayer the uncursed rustproof +0 Vorpal Blade an uncursed +0 fedora an uncursed +0 helm of caution an uncursed +0 cloak of invisibility an uncursed +0 mummy wrapping 3 uncursed carrots 18 uncursed food rations 14 uncursed kelp fronds 15 uncursed lumps of royal jelly an uncursed tin of floating eye meat an uncursed lizard corpse 6 uncursed scrolls of blank paper a cursed scroll of blank paper an uncursed scroll of charging a blessed scroll of confuse monster 2 uncursed scrolls of confuse monster a cursed scroll of confuse monster an uncursed scroll of create monster 2 uncursed scrolls of destroy armor 3 cursed scrolls of destroy armor a blessed scroll of earth an uncursed scroll of earth a blessed scroll of enchant armor 3 uncursed scrolls of enchant armor a cursed scroll of enchant armor an uncursed scroll of enchant weapon an uncursed scroll of fire an uncursed scroll of food detection 2 uncursed scrolls of gold detection 3 blessed scrolls of identify 3 uncursed scrolls of identify 2 blessed scrolls of magic mapping 2 uncursed scrolls of magic mapping a blessed scroll of remove curse an uncursed scroll of remove curse a cursed scroll of remove curse an uncursed scroll of scare monster a blessed scroll of taming an uncursed scroll of taming a blessed scroll of teleportation 3 uncursed scrolls of teleportation 2 cursed scrolls of teleportation a cursed potion of acid an uncursed potion of confusion an uncursed potion of enlightenment a blessed potion of extra healing 2 uncursed potions of extra healing 3 uncursed potions of gain energy an uncursed potion of gain level a cursed potion of gain level an uncursed potion of hallucination 3 cursed potions of healing an uncursed potion of levitation a cursed potion of levitation a blessed potion of object detection 3 uncursed potions of object detection a cursed potion of object detection a blessed potion of oil an uncursed potion of oil 3 uncursed potions of paralysis 2 cursed potions of paralysis an uncursed potion of speed 2 cursed potions of speed 12 potions of holy water an uncursed potion of water a potion of unholy water a cursed ring of cold resistance an uncursed ring of fire resistance a blessed +1 ring of gain constitution a cursed ring of hunger a blessed -1 ring of increase accuracy an uncursed ring of polymorph control an uncursed ring of protection from shape changers an uncursed ring of searching a cursed ring of searching an uncursed ring of stealth a cursed ring of stealth an uncursed ring of sustain ability an uncursed ring of teleport control an uncursed wand of digging (0:8) an uncursed wand of digging (0:7) an uncursed wand of digging (0:6) a cursed wand of digging (0:4) an uncursed wand of fire (0:3) an uncursed wand of magic missile (0:6) an uncursed wand of probing (0:2) an uncursed wand of speed monster (0:3) an uncursed wand of teleportation (0:6) an uncursed wand of teleportation (0:5) an uncursed wand of undead turning (0:1) a blessed wand of wishing (0:2) an empty uncursed sack an uncursed magic marker (0:30) an uncursed magic whistle an uncursed tallow candle an uncursed tinning kit (0:20) an uncursed +0 unicorn horn an uncursed agate stone an uncursed aquamarine stone an uncursed chrysoberyl stone an uncursed diamond 2 uncursed emeralds 2 uncursed garnet stones 2 uncursed opals 2 uncursed rubies 2 uncursed sapphires 4 uncursed topaz stones an uncursed turquoise stone Elenmirie the Archeologist's attributes: Background: You were an Exhumer, a level 13 female gnomish Archeologist. You were neutral, on a mission for Camaxtli who was opposed by Quetzalcoatl (lawful) and Huhetotl (chaotic). You were right-handed. You were in the Dungeons of Doom, on level 28. You entered the dungeon 23682 turns ago. You had 56896 experience points, 23104 more were needed to attain level 14. Basics: You had 0 out of 123 hit points. You had all 75 energy points (spell power). Your armor class was -9. Your wallet was empty, but you had 5828 zorkmids stashed away in your pack. Autopickup was on for '$' plus thrown. Final Characteristics: Your strength was 25 (base:15, innate limit:18/50). Your dexterity was 18 (limit:18). Your constitution was 18 (limit:18). Your intelligence was 18 (peak:19, limit:19). Your wisdom was 18 (limit:18). Your charisma was 13 (limit:18). Final Status: You weren't hungry. You were burdened; movement was slightly slowed. You were wielding a mattock. You had expert skill with pick-axe. Final Attributes: You were piously aligned. You were magic-protected. You were fire resistant. You were cold resistant. You were sleep resistant. You were shock resistant. You were poison resistant. You were telepathic. You had automatic searching. You had infravision. You were displaced. You were stealthy. You could teleport. You had teleport control. You could walk on water. You were warded. You were fast. You had reflection. You were very lucky. You had extra luck. Bad luck did not time out for you. Good luck did not time out for you. You are dead. Miscellaneous: You encountered 2 bones levels. Total elapsed playing time was 11 hours, 16 minutes and 34 seconds. Major events: Turn 1: elenmirie the neutral female gnomish Archeologist entered the dungeon 1058: attained the rank of Field Worker (level 3) 1250: entered the Gnomish Mines 2111: reached Mine Town 2330: attained the rank of Investigator (level 6) 6679: made her first wish - "blessed fixed +3 grey dragon scale mail", got "a gray dragon scale mail" 7946: entered Sokoban 8344: completed 1st Sokoban level 8908: completed 2nd Sokoban level 9383: completed 3rd Sokoban level 10481: completed 4th Sokoban level 11065: attained the rank of Exhumer (level 10) 18079: destroyed desertgreg's ghost, the former Wanderer 18442: destroyed Menche's ghost, the former Ninja 18931: acquired the Mines' End luckstone 20147: was bestowed with Vorpal Blade by Camaxtli 21956: killed Medusa 22841: found Giantslayer on the floor 23682: killed by a captain Vanquished creatures: Medusa a white dragon a blue dragon 2 yellow dragons a minotaur a demilich a Nazgul a titanothere a guardian naga a disenchanter 4 liches a nurse 2 lurkers above 2 frost giants 3 ettins a golden naga a vampire 4 lieutenants 4 ghosts a queen bee a winged gargoyle a mind flayer 2 giant mimics a fire giant 6 ogre tyrants 3 ice trolls 2 rock trolls 2 umber hulks 3 elven monarchs a doppelganger a bone devil 3 large mimics a wumpus 3 stalkers a hill giant a giant mummy 2 black nagas 6 xorns 2 giant zombies 3 elf-nobles 4 sergeants 2 water demons 2 wargs 2 winter wolves 18 small mimics 2 glass piercers 3 xans an ettin mummy an ogre leader 4 quantum mechanics 15 trolls 4 sharks 4 gelatinous cubes 2 pyrolisks a large dog 2 flaming spheres a shocking sphere a tiger 2 gargoyles 6 tengu an ochre jelly a leocrotta 2 mountain centaurs a stone giant 2 elf mummies 3 human mummies 2 red nagas a python a cobra a carnivorous ape an ettin zombie 3 leather golems 4 Grey-elves 40 soldiers 3 watchmen 2 amorous demons a chameleon a crocodile 3 giant beetles 2 quivering blobs 6 cockatrices 18 wolves 6 winter wolf cubs 4 lynxes 3 panthers a gremlin 6 leprechauns 3 orc-captains an iron piercer a mumak 6 giant spiders a horse an ice vortex a baby long worm 6 black lights a vampire bat 6 forest centaurs 5 gnome rulers an orc mummy 2 dwarf mummies an ogre 7 brown puddings 3 rust monsters 11 owlbears 2 yetis 4 gold golems a werewolf 4 Green-elves 5 giant eels 10 lizards 3 chickatrices a dingo a dog 4 jaguars 3 blue jellies 3 white unicorns 2 black unicorns 3 dust vortices 34 ravens 5 plains centaurs 3 gnome mummies 4 snakes an ape 3 human zombies 2 rope golems 6 Woodland-elves 54 soldier ants 5 fire ants 12 bugbears 2 imps 4 quasits 2 wood nymphs 9 water nymphs 5 mountain nymphs a Mordor orc 4 Uruk-hai 2 orc shamans 8 rock piercers 6 rock moles a pony 8 fog clouds 8 yellow lights 2 shriekers 2 violet fungi 6 gnome leaders a gnomish wizard 4 kobold mummies 7 gray oozes 3 elf zombies 3 ghouls 3 straw golems 2 paper golems 26 giant ants 5 floating eyes 2 kittens 6 dwarves 7 homunculi 5 kobold leaders 3 kobold shamans 24 hill orcs 12 rothes a rabid rat 2 centipedes 9 giant bats 3 monkeys 9 dwarf zombies 2 wererats 5 werejackals 9 iguanas 35 killer bees 5 acid blobs 14 coyotes 9 hobbits 23 manes a large kobold 17 hobgoblins 11 giant rats 7 cave spiders 3 brown molds 3 yellow molds a green mold a red mold 6 gnomes 11 garter snakes 5 gnome zombies 12 geckos 18 jackals 7 foxes 4 kobolds 12 goblins 3 sewer rats 9 grid bugs 4 bats 10 lichens 4 kobold zombies 9 newts 974 creatures vanquished. No species were genocided or became extinct. Voluntary challenges: You read items or engraved 23 times. You never engraved Elbereth. You never genocided any monsters. You never polymorphed an object. You never changed form. You used 1 wish. You did not wish for any artifacts. You did not violate any of the special Sokoban rules. Achievements: You entered a shop. You attained the rank of Field Worker. You entered the Gnomish Mines. You entered Minetown. You entered a temple. You attained the rank of Investigator. You entered Sokoban. You attained the rank of Exhumer. You completed the Gnomish Mines. You defeated Medusa. You learned the tune to open and close the Castle's drawbridge. The Dungeons of Doom: levels 1 to 28 Level 1: A fountain. Level 2: Stairs down to The Gnomish Mines. Level 3: A general store, some fountains, a grave. Level 4: A fountain, a grave. Level 5: A fountain. Level 6: Some fountains. Oracle of Delphi. Level 7: A fountain. Stairs up to Sokoban, level 6. Level 8: A fountain, a grave. Level 9: Some fountains. Level 10: A fountain. Level 11: An altar to Camaxtli, many fountains. Level 12: A fountain. Summoned by Lord Carnarvon. Level 13: A fountain. Level 14: Level 15: An altar to Camaxtli, a fountain, a sink. Level 16: A primitive area. Level 17: A fountain. Level 18: A temple and some altars, a fountain, a sink. Level 19: A fountain. Level 20: An altar, a fountain. Level 21: An altar, a sink. Level 22: A fountain. Level 23: Level 24: A fountain, many trees. Level 25: A fountain. Level 26: Level 27: Level 28: <- You were here. A throne, a fountain. The castle (play notes "CCFGG" to open or close drawbridge). Final resting place for you, killed by a captain. The Gnomish Mines: levels 3 to 10 Level 3: Level 4: Level 5: A temple and an altar to Camaxtli, many fountains. Level 6: A grave. Final resting place for desertgreg-Cav-Gno-Fem-Neu, killed by an ice troll. Level 7: Level 8: A grave. Final resting place for Menche-Sam-Hum-Mal-Law, killed by an owlbear. Level 9: Level 10: Sokoban: levels 6 up to 3 Level 3: Solved. Level 4: Solved. Level 5: Solved. Level 6: Solved. Game over: ---------- / \ / REST \ / IN \ / PEACE \ / \ | elenmirie | | 5828 Au | | killed by a | | captain | | | | | | 2024 | *| * * * | * _________)/\\_//(\/(/\)/\//\/|_)_______ Goodbye elenmirie the Archeologist... You died in The Dungeons of Doom on dungeon level 28 with 243674 points, and 5828 pieces of gold, after 23682 moves. You were level 13 with a maximum of 123 hit points when you died.